Map: [ESL] Royal Blood

Players

Spirit

  • Race: Terran Terran
  • Spawn Location: 7:00

ForJumy - Winner!

  • Race: Protoss Protoss
  • Spawn Location: 1:00

Event: ESL SC2 Masters 2023 Summer (Regionals)

VOD

Have the link to the VOD?

Description

Time

  • Played on: May 2, 2023, 9:43 a.m.
  • Length: 10:42

All games in this series

Show
View Real Time Build Order
Export as new Build Order

Spirit Terran 

Build Orders: Banshee Rush 

Get SALT Encoding   

  12  0:00  SCV  
  13  0:12  SCV  
  14  0:17  Supply Depot  
  14  0:24  SCV  
  15  0:39  SCV  
  15  0:40  Barracks  
  16  0:45  Refinery  
  16  0:51  SCV  
  17  1:03  SCV  
  18  1:15  SCV  
  19  1:27  Marine, Orbital Command  
  20  1:40  Command Center  
  20  1:45  Reaper  
  21  1:51  Supply Depot  
  21  2:00  SCV  
  22  2:10  Factory  
  22  2:12  SCV  
  23  2:18  Refinery  
  23  2:21  Bunker  
  23  2:23  Barracks Reactor  
  23  2:25  SCV  
  25  2:37  SCV  
  25  2:49  SCV  
  26  2:52  Orbital Command  
  26  2:55  Hellion  
  28  2:59  Starport  
  28  3:01  SCV  
  28  3:03  Marine x2  
  31  3:13  SCV  
  31  3:16  Supply Depot  
  31  3:17  Factory Tech Lab  
  31  3:18  SCV  
  33  3:23  Marine  
  33  3:24  Marine  
  33  3:25  SCV  
  36  3:30  SCV  
  37  3:37  SCV  
  38  3:43  SCV  
  38  3:45  Factory Tech Lab  
  38  3:46  Banshee  
  38  3:47  Cloaking Field  
  42  3:49  SCV  
  42  3:54  Marine x2  
  42  3:55  SCV  
  46  4:00  Supply Depot  
  46  4:01  SCV  
  47  4:07  SCV  
  51  4:13  SCV  
  51  4:14  Cyclone  
  51  4:15  Marine  
  53  4:19  SCV  
  53  4:20  Barracks x2  
  53  4:24  Marine  
  53  4:25  Supply Depot  
  53  4:26  SCV  
  53  4:30  Banshee  
  59  4:31  SCV  
  59  4:33  Marine  
  59  4:38  Engineering Bay  
  60  4:39  Supply Depot  
  60  4:40  Refinery  
  60  4:42  Marine  
  60  4:44  SCV  
  62  4:47  SCV  
  62  4:51  Marine  
  65  4:56  SCV  
  65  4:59  SCV  
  67  5:00  Refinery  
  67  5:03  Supply Depot  
  67  5:04  Marine  
  68  5:08  SCV  
  68  5:11  SCV  
  67  5:15  Stimpack  
  67  5:20  Combat Shield  
  67  5:21  Marine, Marauder x2  
  67  5:22  SCV  
  67  5:24  Starport Reactor  
  67  5:28  Marine  
  74  5:32  SCV  
  75  5:39  Marine  
  75  5:42  Supply Depot  
  76  5:43  Marauder x2  
  76  5:45  Marine  
  76  5:46  SCV  
  76  5:47  SCV  
  76  5:48  Terran Infantry Weapons Level 1  
  76  5:49  Factory Reactor  
  83  5:58  SCV, Marine  
  83  6:03  Medivac  
  87  6:04  Marauder x2  
  87  6:05  Marine  
  86  6:12  Supply Depot  
  86  6:13  Supply Depot  
  86  6:14  Medivac  
  86  6:16  Marine  
  91  6:26  Marauder x2  
  91  6:27  Missile Turret  
  91  6:28  Missile Turret  
  91  6:30  Command Center  
  93  6:35  Supply Depot  
  93  6:38  Medivac  
  93  6:39  Supply Depot  
  95  6:40  Missile Turret  
  95  6:42  SCV  
  95  6:43  SCV, Marine  
  100  6:47  Marauder x2  
  100  6:49  Marine  
  103  6:55  SCV x2  
  103  6:59  Supply Depot  
  103  7:01  Marine  
  106  7:02  Supply Depot  
  106  7:07  SCV, Marine  
  106  7:08  SCV, Marauder x2  
  94  7:16  Medivac x2  
  94  7:18  Marine  
  94  7:19  SCV  
  94  7:21  SCV  
  97  7:25  Marine, Widow Mine  
  103  7:30  Marauder x2  
  103  7:31  SCV  
  103  7:34  SCV  
  103  7:36  Marine  
  99  7:43  SCV, Marine  
  101  7:46  SCV  
  101  7:47  Barracks  
  101  7:49  Barracks  
  107  7:51  Marauder x2  
  107  7:54  Marine  
  107  7:55  SCV  
  107  7:56  Medivac  
  107  7:57  Medivac  
  107  7:58  SCV  
  114  8:00  Orbital Command  
  114  8:01  Marine  
  114  8:02  Widow Mine  
  116  8:07  SCV  
  116  8:12  Marine, Marauder  
  120  8:14  Starport  
  120  8:15  Marauder  
  120  8:19  Marine  
  123  8:26  SCV  
  120  8:30  Marine  
  120  8:34  Marauder  
  120  8:36  Marine  
  120  8:37  Marauder  
  120  8:41  Liberator x2  
  122  8:43  Barracks Tech Lab, Barracks Reactor  
  122  8:44  SCV  
  122  8:48  Marine  
  129  8:50  SCV  
  129  8:54  Marine  
  129  8:55  Marauder  
  133  8:57  Liberator  
  133  8:58  Marauder  
  133  9:00  Marine  
  130  9:06  Marine  
  120  9:12  Marine  
  120  9:17  Marauder  
  117  9:18  Marine  
  117  9:19  Marauder  
  117  9:21  Marine  
  117  9:23  Marine  
  80  9:24  Viking x2  
  118  9:28  Marine  
  118  9:30  Marine  
  111  9:37  Marine, Marauder  
  98  9:39  Liberator, Marine  
  98  9:40  Marine  
  82  9:46  Marine  
  82  9:48  Marine  
  72  9:54  Viking  
  72  9:55  Marine  
  72  9:57  Marine  
  72  9:58  Marine, Marauder  
  79  10:04  Marine  
  79  10:06  Marine  
  79  10:13  Marine  
  72  10:15  Marine  
  72  10:16  Marine  
  72  10:19  Marauder  
  66  10:21  Marine  
  66  10:24  Marine  
Show
View Real Time Build Order
Export as new Build Order

ForJumy Protoss - Winner!

Build Orders: 1 Gate Expand, Phoenix Opening, Colossus Rush 

Get SALT Encoding   

  12  0:00  Probe  
  13  0:12  Probe  
  14  0:19  Pylon  
  14  0:24  Probe  
  15  0:37  Probe (Chrono Boost), Gateway  
  16  0:47  Probe (Chrono Boost), Assimilator  
  17  0:52  Probe (Chrono Boost)  
  18  1:03  Probe  
  19  1:15  Probe  
  20  1:23  Nexus  
  20  1:34  Cybernetics Core  
  20  1:37  Probe  
  21  1:43  Assimilator  
  21  1:49  Probe  
  22  1:54  Pylon  
  23  2:01  Probe  
  22  2:09  Adept (Chrono Boost)  
  22  2:13  Probe  
  25  2:19  Stargate  
  25  2:25  Probe (Chrono Boost)  
  25  2:27  Warp Gate  
  26  2:32  Adept  
  26  2:35  Probe (Chrono Boost)  
  29  2:37  Probe (Chrono Boost)  
  31  2:44  Probe (Chrono Boost)  
  31  2:45  Probe (Chrono Boost)  
  31  2:49  Probe (Chrono Boost)  
  32  2:51  Probe  
  34  2:58  Gateway  
  34  3:01  Probe  
  34  3:03  Adept  
  34  3:04  Probe  
  38  3:11  Phoenix (Chrono Boost)  
  40  3:13  Probe  
  40  3:16  Probe  
  42  3:22  Pylon  
  42  3:26  Probe  
  43  3:28  Probe, Phoenix (Chrono Boost)  
  46  3:42  Probe x2  
  48  3:52  Robotics Facility  
  48  3:54  Probe x2, Phoenix  
  52  3:56  Assimilator  
  52  3:57  Assimilator  
  52  3:58  Pylon  
  52  4:06  Probe  
  52  4:07  Probe  
  54  4:18  Probe  
  54  4:19  Phoenix  
  54  4:23  Pylon  
  57  4:29  Probe  
  57  4:31  Adept x2  
  62  4:34  Pylon  
  62  4:39  Robotics Bay  
  62  4:41  Probe  
  63  4:45  Nexus  
  63  4:55  Pylon  
  67  5:02  Phoenix  
  69  5:08  Probe  
  69  5:12  Gateway  
  70  5:14  Gateway  
  70  5:18  Observer (Chrono Boost)  
  70  5:20  Probe  
  67  5:22  Probe, Shield Battery  
  65  5:30  Phoenix  
  65  5:32  Probe  
  65  5:34  Probe  
  69  5:43  Colossus (Chrono Boost)  
  69  5:44  Probe  
  76  5:53  Pylon  
  74  5:59  Extended Thermal Lance (Chrono Boost)  
  74  6:02  Probe  
  73  6:04  Probe  
  72  6:19  Shield Battery  
  72  6:24  Gateway  
  72  6:25  Gateway  
  72  6:28  Colossus (Chrono Boost)  
  78  6:32  Sentry  
  78  6:33  Sentry  
  78  6:38  Gateway  
  82  6:43  Phoenix  
  84  6:49  Gateway  
  84  6:55  Stalker  
  84  6:56  Stalker  
  88  7:07  Stalker x2  
  84  7:08  Phoenix  
  76  7:21  Colossus (Chrono Boost)  
  74  7:26  Zealot x2  
  74  7:28  Probe x2  
  86  7:36  Zealot x2  
  90  7:52  Sentry x2  
  90  7:53  Zealot x4  
  90  7:57  Pylon  
  102  8:00  Phoenix (Chrono Boost)  
  104  8:06  Stalker x2  
  104  8:11  Pylon  
  104  8:20  Phoenix (Chrono Boost)  
  106  8:32  Observer  
  104  8:35  Zealot x7  
  118  8:43  Sentry  
  118  8:46  Phoenix (Chrono Boost)  
  118  8:55  Zealot  
  118  8:56  Zealot x2  
  118  9:01  Disruptor (Chrono Boost)  
  109  9:17  Stalker  
  109  9:18  Stalker  
  113  9:33  Pylon  
  113  9:38  Pylon  
  89  9:56  Probe x2, Pylon  
  87  10:04  Pylon  
  81  10:14  Stalker x3  
  85  10:24  Probe (Chrono Boost)  
  78  10:30  Probe (Chrono Boost), Stalker  
Tags
 
Add a new tag
Caveats
  • Supply blocks, unpowered buildings, or Contaminate may cause inaccurate times.
  • Supply counts are checked every 10 seconds.